 Dungeon Crawl Stone Soup version 0.20-b1 (webtiles) character file.

2158 Lochraine the Chiller (level 9, -10/62 HPs)
             Began as a Pale Draconian Ice Elementalist on May 19, 2017.
             Was a Follower of Dithmenos.
             Killed by divine providence
             ... invoked by an orc priest
              (14 damage)
             ... on level 8 of the Dungeon.
             The game lasted 00:21:02 (8734 turns).

Lochraine the Chiller (DrIE)                        Turns: 8734, Time: 00:21:02

Health: -10/62     AC:  9    Str: 10    XL:     9   Next: 10%
Magic:  11/17      EV: 11    Int: 19    God:    Dithmenos [*.....]
Gold:   421        SH:  0    Dex: 12    Spells: 7/19 levels left

rFire    . . .     SeeInvis .   i - +3 short sword
rCold    . . .     Gourm    .   (no shield)
rNeg     . . .     Faith    .   (armour unavailable)
rPois    .         Spirit   .   (helmet restricted)
rElec    .         Reflect  .   (no cloak)
rCorr    .         Harm     .   n - +1 pair of gloves
MR       .....                  (no boots)
Stlth    +++.......             o - amulet of rage
Regen    0.2/turn               (no ring)
MPRegen  0.2/turn               (no ring)

@: wreathed by umbra, drained
A: breathe steam, unfitting armour, cold-blooded, AC +7
a: Breathe Steam, Renounce Religion, Evoke Berserk Rage


You were on level 8 of the Dungeon.
You worshipped Dithmenos.
Dithmenos was aware of your devotion.
You were not hungry.

You visited 1 branch of the dungeon, and saw 8 of its levels.

You collected 421 gold pieces.

Inventory:

Hand Weapons
 e - a cursed +2 dagger
   (You took it off a wight on level 8 of the Dungeon)
 i - a +3 short sword (weapon)
   (You took it off a wight on level 7 of the Dungeon)
Missiles
 u - 2 throwing nets (quivered) {!f}
Armour
 n - a +1 pair of gloves (worn)
   (You found it on level 5 of the Dungeon)
 z - a +0 shield of protection
   (You found it on level 4 of the Dungeon)
Jewellery
 o - an amulet of rage (around neck)
   (You found it on level 6 of the Dungeon)
Wands
 f - a wand of lightning (13/15)
   (You found it on level 6 of the Dungeon)
 G - a wand of enslavement (9/24)
   (You found it on level 7 of the Dungeon)
 H - a wand of enslavement (18/24)
   (You found it on level 8 of the Dungeon)
Scrolls
 d - 2 scrolls of identify {@r1}
 g - a scroll of amnesia
 p - a scroll of teleportation {@r4}
 v - a scroll of recharging
 C - 2 scrolls of enchant armour
Potions
 b - 2 potions of haste {@q3}
 c - a potion of agility {unknown}
 j - 3 potions of flight
 k - a potion of curing {unknown}
 l - 2 potions of mutation {!q}
 w - 2 potions of lignification {!q}
 x - a potion of berserk rage {unknown}
 D - a potion of ambrosia {unknown}
 E - 3 potions of degeneration {!q}
Books
 a - a book of Frost
 B - a book of Debilitation
   (You found it on level 5 of the Dungeon)
 F - a book of Maledictions
   (You found it on level 7 of the Dungeon)
Comestibles
 h - 6 chunks of flesh
 m - 5 meat rations
 q - 8 bread rations
 s - 4 fruits


   Skills:
 - Level 1.7(0.8) Dodging
 + Level 4.9(3.9) Stealth
 + Level 5.7(4.7) Spellcasting
 - Level 1.0(0.1) Conjurations
 * Level 3.3(2.4) Hexes
 - Level 4.8(3.8) Summonings
 + Level 7.5(6.4) Ice Magic


You had 7 spell levels left.
You knew the following spells:

 Your Spells              Type           Power        Failure   Level  Hunger
a - Freeze                Ice            ####         1%          1    None
b - Throw Frost           Conj/Ice       ###...       4%          2    #......
c - Ozocubu's Armour      Chrm/Ice       ###.....     10%         3    ##.....
d - Summon Ice Beast      Ice/Summ       ###.....     16%         4    ####...
e - Ensorcelled Hibernat  Hex/Ice        ###...       3%          2    #......


Dungeon Overview and Level Annotations

Branches:
Dungeon (8/15)             Temple (0/1) D:5
   Lair: D:8-11

Altars:
Cheibriados
Dithmenos
Fedhas
Hepliaklqana
Makhleb
Okawaru
Qazlal
Ru
Sif Muna
Trog
Uskayaw
Zin
The Shining One

Annotations:
D:3 2 transporters, Jessica


Innate Abilities, Weirdness & Mutations

You can breathe blasts of scalding, opaque steam.
Your pale cyan-grey scales are hard. (AC +7)
You cannot fit into any form of body armour.
You are cold-blooded and may be slowed by cold attacks.


Message History

Dithmenos accepts your kill.
No target in view!
You start resting.
You feel sick. x5
You are no longer poisoned.
You now have 416 gold pieces (gained 10).
You now have 421 gold pieces (gained 5).
Some of the chunks of flesh in your inventory have rotted away.
An orc and an orc priest come into view.
The orc is wielding a dagger of venom.
An orc warrior comes into view. It is wielding a hand axe.
The orc priest casts a cantrip, but nothing happens.
The helpless orc fails to defend itself.
You puncture the orc!
You kill the orc!
Dithmenos accepts your kill.
The orc warrior shouts!
Aim: an orc warrior, wielding a hand axe and wearing a plate armour You exhale a blast of scalding steam.
The ball of steam hits the orc priest.
The orc priest resists.
You feel somewhat more hungry.
The orc priest casts a cantrip, but nothing happens.
You hit the orc priest.
The orc priest calls upon Beogh to heal the orc warrior.
The orc warrior is healed somewhat.
You hit the orc priest.
The orc priest hits you but does no damage.
The orc warrior is engulfed in a cloud of scalding steam.
You hit the orc priest but do no damage.
You have got your breath back.
The orc priest mumbles some strange prayers to Beogh against you.
Beogh smites you!
The orc warrior is engulfed in a cloud of scalding steam.
Aim: an orc warrior, wielding a hand axe and wearing a plate armour (almost dead, umbra)
The puff of frost hits the orc warrior.
Aim: an orc warrior, wielding a hand axe and wearing a plate armour (almost dead, umbra)
The puff of frost misses the orc warrior.
The puff of frost hits the orc priest.
The orc priest appears unharmed.
The orc warrior hits you but does no damage.
The orc priest calls down the wrath of Beogh upon you.
Beogh smites you!
* * * LOW HITPOINT WARNING * * *
Aim: an orc warrior, wielding a hand axe and wearing a plate armour (almost dead, umbra)
The puff of frost hits the orc warrior.
The orc priest mumbles some strange prayers to Beogh against you.
Beogh smites you!
* * * LOW HITPOINT WARNING * * *
The orc warrior hits you with a hand axe!
* * * LOW HITPOINT WARNING * * *
The orc priest invokes the aid of Beogh against you.
Beogh smites you!
You die...

*,* #.# *,* #.# *,*
#.# *** *,*
####.######## *,,
*,* #...........#
*,* *,*
#.##.######.#***,*
*,*
#.##.........,,*<*
*,*
#.###........,,,,*
*,*
##@###.#####.#*,,,,
*,**#...##.#
*,******
*,*#o#.#.#.# *,*
*,#o##.##..# *,*
*...,...,..# *,*
###,*#.##.## *,*
**,#.#,*******,*
**...,,,,,,,,,*
**.#**********


You could see an orc warrior and an orc priest.

Vanquished Creatures
  Menkaure (D:5)
  2 sky beasts (D:6)
  An ice beast (D:7)
  A centaur (D:6)
  3 ogres
  2 bullfrogs (D:7)
  A scorpion (D:4)
  4 killer bees (D:8)
  4 wights
  3 hounds
  2 gnoll shamans
  An orc priest (D:7)
  Natasha (thrice) (D:3)
  An iguana (D:7)
  5 orc wizards
  4 worker ants
  Ijyb (D:4)
  2 worker ant zombies
  7 gnolls
  4 adders
  A shadow imp (D:6)
  An ooze (D:5)
  A worm (D:3)
  4 dart slugs
  8 leopard geckos
  16 orcs
  3 giant cockroaches
  3 goblins
  4 hobgoblins
  3 quokkas
  A ball python skeleton (D:4)
  5 bats
  3 frilled lizards
  3 kobolds (D:1)
  A quokka skeleton (D:4)
  A quokka zombie (D:5)
  6 rats
116 creatures vanquished.

Vanquished Creatures (collateral kills)
  4 wights
  A killer bee (D:8)
  A crimson imp (D:7)
6 creatures vanquished.

Grand Total: 122 creatures vanquished

Notes
Turn   | Place    | Note
-------+----------+-------------------------------------------
     0 | D:1      | Lochraine the Draconian Ice Elementalist began the quest for the Orb.
     0 | D:1      | Reached XP level 1. HP: 14/14 MP: 3/3
   602 | D:1      | Reached XP level 2. HP: 20/20 MP: 1/5
  1149 | D:2      | Reached XP level 3. HP: 26/26 MP: 3/6
  1261 | D:2      | Found a deep blue altar of Sif Muna.
  1480 | D:2      | Reached skill level 4 in Ice Magic
  1680 | D:2      | Learned a level 2 spell: Throw Frost
  1771 | D:3      | Noticed Natasha
  1837 | D:3      | Killed Natasha
  1837 | D:3      | Reached XP level 4. HP: 8/33 MP: 3/8
  1845 | D:3      | Noticed Natasha
  2060 | D:3      | Killed Natasha
  2163 | D:3      | Reached XP level 5. HP: 22/38 MP: 3/10
  2167 | D:3      | Reached skill level 5 in Ice Magic
  2288 | D:3      | Noticed Natasha
  2353 | D:3      | Killed Natasha
  2454 | D:3      | Learned a level 3 spell: Ozocubu's Armour
  2918 | D:3      | Found a hazy altar of Hepliaklqana.
  2922 | D:3      | Noticed Jessica
  2977 | D:3      | Found a blossoming altar of Fedhas.
  3577 | D:4      | Reached XP level 6. HP: 40/45 MP: 7/11
  3669 | D:4      | Reached skill level 6 in Ice Magic
  3738 | D:4      | Learned a level 4 spell: Summon Ice Beast
  3763 | D:4      | Noticed Ijyb
  3811 | D:4      | Found a shadowy altar of Dithmenos.
  3822 | D:4      | Became a worshipper of Dithmenos the Shadowed
  4312 | D:4      | Killed Ijyb
  4312 | D:4      | Reached skill level 1 in Summonings
  4449 | D:5      | Entered Level 5 of the Dungeon
  4557 | D:5      | Found a stormy altar of Qazlal.
  4684 | D:5      | Found a staircase to the Ecumenical Temple.
  4827 | D:5      | Your scales start taking on a pale cyan-grey colour.
  4827 | D:5      | Reached XP level 7. HP: 50/50 MP: 2/13
  5289 | D:5      | Noticed Menkaure
  5292 | D:5      | Killed Menkaure
  5600 | D:6      | Got a blackened spear
  5608 | D:6      | Identified the +5 spear "Wiluacotre" {flame, +Fly rC- MR- Stlth+} (You found it on level 6 of the Dungeon)
  5706 | D:6      | Reached XP level 8. HP: 23/57 MP: 12/15
  6338 | D:7      | Reached skill level 5 in Spellcasting
  6465 | D:7      | Found an iron altar of Okawaru.
  6466 | D:7      | Found a snail-covered altar of Cheibriados.
  6467 | D:7      | Found a glowing golden altar of the Shining One.
  6467 | D:7      | Found a bloodstained altar of Trog.
  6470 | D:7      | Found a glowing silver altar of Zin.
  6471 | D:7      | Found a sacrificial altar of Ru.
  6538 | D:7      | Found a burning altar of Makhleb.
  6865 | D:7      | Found a hide-covered altar of Uskayaw.
  6890 | D:7      | Learned a level 2 spell: Ensorcelled Hibernation
  6962 | D:7      | Reached skill level 7 in Ice Magic
  7213 | D:7      | Reached skill level 1 in Hexes
  7326 | D:7      | Reached * piety under Dithmenos
  8023 | D:8      | Noticed a two-headed ogre
  8582 | D:8      | Reached XP level 9. HP: 62/62 MP: 12/17
  8734 | D:8      | Killed from afar by an orc priest

Skill      XL: |  1  2  3  4  5  6  7  8  9 |
---------------+----------------------------+-----
Ice Magic      | 4 5 6 7 |  7.5
Spellcasting   | 3 4 5 |  5.7
Summonings     | 2 4 |  4.8
Stealth        | 2 3 4 |  4.9
Hexes          | 2 3 |  3.3
Dodging        | |  1.7
Conjurations   | |  1.0

Action                   |  1- 3 |  4- 6 |  7- 9 || total
-------------------------+-------+-------+-------++-------
Melee: Short sword       |    40 |    87 |   129 ||   256
       Tailslap          |     3 |     5 |     6 ||    14
       Halberd           |       |    15 |       ||    15
 Cast: Freeze            |    25 |    49 |    36 ||   110
       Throw Frost       |     2 |    42 |    19 ||    63
       Summon Ice Beast  |       |       |    12 ||    12
       Ensorcelled Hiber |       |       |     6 ||     6
 Abil: Breathe Steam     |       |       |    17 ||    17
  Use: Scroll            |       |     4 |    15 ||    19
       Potion            |       |     1 |       ||     1
 Stab: Sleeping          |     4 |     4 |     7 ||    15
       Distracted        |       |       |     2 ||     2
  Eat: Chunk             |     3 |     9 |    15 ||    27
       Royal jelly       |       |     1 |       ||     1
       Fruit             |       |       |     2 ||     2
Armor: Skin              |    21 |    40 |    36 ||    97
Dodge: Dodged            |    41 |    75 |   106 ||   222
